 Dungeon Crawl Stone Soup version 0.21.0 (webtiles) character file.

623 raph the Chiller (level 7, -9/51 HPs)
             Began as a Human Ice Elementalist on Jan 6, 2018.
             Mangled by an ogre
             ... wielding a +0 giant spiked club
              (20 damage)
             ... on level 4 of the Dungeon.
             The game lasted 00:09:53 (4893 turns).

raph the Chiller (Human Ice Elementalist)           Turns: 4893, Time: 00:09:53

Health: -9/51      AC:  8    Str:  8    XL:     7   Next: 75%
Magic:  11/12      EV: 13    Int: 17    God:
Gold:   148        SH:  0    Dex: 14    Spells: 6/12 levels left

rFire    . . .     SeeInvis .   f - +0 dagger (venom)
rCold    . . .     Gourm    .   (no shield)
rNeg     . . .     Faith    .   a - +0 robe
rPois    .         Spirit   .   (no helmet)
rElec    .         Reflect  .   (no cloak)
rCorr    .         Harm     .   (no gloves)
MR       .....                  (no boots)
Stlth    ++........             (no amulet)
HPRegen  0.17/turn              (no ring)
MPRegen  0.13/turn              (no ring)

@: icy armour, slow
A: no striking features
a: no special abilities


You were on level 4 of the Dungeon.
You were hungry.

You visited 1 branch of the dungeon, and saw 4 of its levels.

You collected 148 gold pieces.

Inventory:

Hand Weapons
 e - a +0 whip
 f - a +0 dagger of venom (weapon)
 h - a +0 dagger
 p - a +0 spear of piercing
 t - a +0 whip of flaming
Missiles
 g - 146 stones (quivered)
 s - 8 javelins of penetration
Armour
 a - a +0 robe (worn)
Scrolls
 d - a scroll of enchant armour {unknown}
 i - 3 scrolls of identify {unknown}
 j - a scroll of magic mapping {unknown}
 k - 3 scrolls of remove curse {unknown}
 n - a scroll of amnesia {unknown}
 o - a scroll of enchant weapon {unknown}
 q - a scroll of blinking {unknown}
Potions
 l - a potion of flight {unknown}
 m - a potion of ambrosia {unknown}
Books
 b - a book of Frost

   Spells                             Type                      Level
   a - Freeze                         Ice                          1
   b - Throw Frost                    Conjuration/Ice              2
   c - Ozocubu's Armour               Charms/Ice                   3
   d - Throw Icicle                   Conjuration/Ice              4
   e - Summon Ice Beast               Ice/Summoning                4
Comestibles
 c - 9 rations


   Skills:
 + Level 2.5 Fighting
 + Level 3.5 Dodging
 + Level 3.8 Stealth
 + Level 3.3 Spellcasting
 - Level 1.0 Conjurations
 + Level 2.1 Charms
 * Level 5.2 Ice Magic


You had 6 spell levels left.
You knew the following spells:

 Your Spells              Type           Power        Failure   Level  Hunger
a - Freeze                Ice            ###.         1%          1    None
b - Throw Frost           Conj/Ice       ##....       7%          2    ##.....
c - Ozocubu's Armour      Chrm/Ice       ###.....     11%         3    ###....


Dungeon Overview and Level Annotations

Branches:
Dungeon (4/15)
 Temple: D:4-7

Altars:
Nemelex Xobeh
Trog
The Shining One

Annotations:
D:4 mortelune's ghost, amateur DrFE


Message History

The ogre is moderately wounded.
The ogre hits you but does no damage.
You hit the ogre.
The ogre is moderately wounded.
The ogre closely misses you.
You hit the ogre.
The ogre is poisoned.
The ogre is moderately wounded.
You hit the ogre.
The ogre is heavily wounded.
The ogre hits you with a giant spiked club!
* * * LOW HITPOINT WARNING * * *
Casting: Ozocubu's Armour
Confirm with . or Enter, or press ? or * to list all spells.
Aiming: Freeze
Press: ? - help, Shift-Dir - straight line, f - ogre
Aim: an ogre, wielding a giant spiked club (heavily wounded, poisoned)
You freeze the ogre.
The ogre is severely wounded.
The ogre hits you with a giant spiked club!!
You die...

#....#...##..##..
#....'...##..##..
#....#....#..#...
#....#....#..#...
##....#....#..#...
#.....#....#..#...
#.....#.(..#..#...
##+###'######.###.####
#....@O.....#.# ###
#...........#
#...........#
#...........##########
########..............
#..............
#..............
#..............
#..............


You could see an ogre.

Vanquished Creatures
  Pikel (D:4)
  A worker ant (D:4)
  2 gnolls
  7 adders
  An ooze (D:3)
  A worm (D:3)
  A dart slug (D:3)
  2 leopard geckos
  3 orcs (D:3)
  8 giant cockroaches
  5 goblins
  2 hobgoblins (D:2)
  7 jackals (D:1)
  2 quokkas
  4 bats
  6 frilled lizards
  4 kobolds
  6 rats
63 creatures vanquished.

Notes
Turn   | Place    | Note
-------+----------+-------------------------------------------
     0 | D:1      | raph the Human Ice Elementalist began the quest for the Orb.
     0 | D:1      | Reached XP level 1. HP: 13/13 MP: 3/3
   291 | D:1      | Reached XP level 2. HP: 19/19 MP: 1/5
   718 | D:1      | Learned a level 2 spell: Throw Frost
   826 | D:1      | Reached XP level 3. HP: 24/24 MP: 4/6
  1079 | D:1      | Learned a level 3 spell: Ozocubu's Armour
  1623 | D:2      | Reached XP level 4. HP: 25/31 MP: 3/7
  2268 | D:2      | Reached skill level 1 in Fighting
  2470 | D:2      | Found a glowing golden altar of the Shining One.
  2855 | D:3      | Reached skill level 4 in Ice Magic
  2855 | D:3      | Reached XP level 5. HP: 34/37 MP: 6/8
  4215 | D:4      | Noticed mortelune's ghost (amateur DrFE)
  4507 | D:4      | Found a bloodstained altar of Trog.
  4512 | D:4      | Found a sparkling altar of Nemelex Xobeh.
  4528 | D:4      | Noticed Pikel
  4528 | D:4      | Noticed a slave
  4531 | D:4      | Noticed a slave
  4541 | D:4      | Noticed a slave
  4543 | D:4      | Noticed a slave
  4561 | D:4      | Killed Pikel
  4561 | D:4      | Reached skill level 5 in Ice Magic
  4561 | D:4      | Reached XP level 6. HP: 21/46 MP: 7/11
  4561 | D:4      | Reached XP level 7. HP: 23/51 MP: 7/12
  4893 | D:4      | Mangled by an ogre

Skill      XL: |  1  2  3  4  5 |
---------------+----------------+-----
Fighting       | 1 2 |  2.5
Ice Magic      | 4 5 |  5.2
Stealth        | 3 |  3.8
Dodging        | 3 |  3.5
Spellcasting   | 3 |  3.3
Charms         | 2 |  2.1
Conjurations   | |  1.0

Action                   |  1- 3 |  4- 6 |  7- 9 || total
-------------------------+-------+-------+-------++-------
Melee: Whip              |    25 |       |       ||    25
       Dagger            |    69 |    69 |     6 ||   144
       Spear             |       |     3 |       ||     3
Throw: Stone             |     1 |     1 |       ||     2
 Cast: Freeze            |    37 |    35 |     2 ||    74
       Throw Frost       |       |     4 |       ||     4
       Ozocubu's Armour  |       |     5 |     1 ||     6
 Stab: Sleeping          |       |     6 |       ||     6
  Eat: Chunk             |     3 |    10 |     1 ||    14
Armor: Robe              |    27 |    17 |     1 ||    45
Dodge: Dodged            |    92 |    66 |     3 ||   161
